Unix NetHack Version 3.7.0-95 Work-in-progress - last build Jan 1 2024 20:51:50 (6a0ccc5fa2390e420dd2d488a2f9488d2ae3a63b,branch:master). Game began 2024-01-04 09:54:22, ended 2024-01-04 10:28:35. Arasaka, chaotic male elven Ranger -------- ---- ----- |......-----..------------------------------ |...| ---..---.................)....[...^).........--- --...-- ---....| -------.--..---------------------.......-- |.....--- |...---- |..........| |-.......| --- ---- --.......-----.--- |..|....%..------ |........| --..----..---..<...........| ---|.........--.-- --.....-.|-- |.....|.................---- --.....>......------- |.......|.-- -.....................-- --).............--.--- ---........| |-....................| |)---...............--- |.......-| --.......---)..--......| |)--|..........--.....-- ---......| |........|--"--------.-- --------..-|.....0(.-----.....- |.....-- --.......--%-| --- ---- |..--....).--.-....-- |......| |.--..| --..........| --..---...........|......| ---.---- ---.| --- --.....*...| |........................--- -- |.@i| |.........-- |..........................- -e--- --........| |.......|........|.--.--....| .. |...|....-- ----..----....|.-----------.| -- --.---.--- ---- ---.---- -- -- --- --- Arasaka the Trailblazer St:16 Dx:11 Co:16 In:13 Wi:15 Ch:9 Chaotic Dlvl:7 $:131 HP:0(51) Pw:43(43) AC:0 Xp:7/1020 T:4765 Latest messages: You are caught in a bear trap. You are caught in a bear trap. You are caught in a bear trap. You are caught in a bear trap. You are caught in a bear trap. The hill orc picks up a curved sword. You hit the hill orc! The hill orc swings his curved sword. The hill orc hits! You kill the hill orc! You are caught in a bear trap. You are caught in a bear trap. You are caught in a bear trap. You are caught in a bear trap. You are caught in a bear trap. You are caught in a bear trap. You are caught in a bear trap. You are caught in a bear trap. You are caught in a bear trap. You are caught in a bear trap. You are caught in a bear trap. You are caught in a bear trap. You are caught in a bear trap. You are caught in a bear trap. You are caught in a bear trap. You are caught in a bear trap. You finally wriggle free. $ - 17 gold pieces (131 in total). You learn more about your items by comparing them. d - 6 blessed +0 elven arrows (in quiver) (18 in total). p - a scroll of amnesia. You hit the floating eye! You are frozen by the floating eye's gaze! The tengu appears next to you! The tengu bites! The tengu bites! The tengu bites! The tengu bites! The tengu bites! The tengu bites! The tengu bites! The tengu bites! The tengu just misses! The tengu bites! The tengu bites! The tengu bites! The tengu bites! The tengu just misses! The tengu bites! You die... Inventory: Coins ('$') $ - 131 gold pieces Amulets ('"') l - a cursed amulet of restful sleep C - an uncursed amulet versus poison (being worn) Weapons (')') c - 54 blessed +2 elven arrows d - 18 blessed +0 elven arrows (in quiver) h - a cursed -2 elven arrow b - an uncursed +1 elven bow (alternate weapon; not wielded) a - an uncursed +4 elven dagger (weapon in right hand) Armor ('[') m - an uncursed +1 helmet (being worn) S - an uncursed +0 pair of iron shoes (being worn) U - an uncursed +0 dwarvish mithril-coat (being worn) Comestibles ('%') j - an uncursed food ration f - 4 uncursed lembas wafers g - an uncursed lizard corpse named tricebane Scrolls ('?') p - an uncursed scroll of amnesia Q - an uncursed scroll of create monster Potions ('!') Y - an uncursed potion of sleeping n - a potion of unholy water Rings ('=') i - a cursed -1 ring of increase damage named C Wands ('/') L - a blessed wand of fire (0:4) z - an uncursed wand of fire (0:1) Z - a blessed wand of locking (0:7) T - an uncursed wand of magic missile (0:5) Tools ('(') o - an uncursed can of grease (0:24) V - an uncursed credit card s - an uncursed +0 unicorn horn Arasaka the Ranger's attributes: Background: You were a Trailblazer, a level 7 male elven Ranger. You were chaotic, nominally on a mission for Mars who was opposed by Mercury (lawful) and Venus (neutral). You were right-handed. You were in the Gnomish Mines, on level 7. You entered the dungeon 4765 turns ago. You had 1020 experience points, 260 more were needed to attain level 8. Basics: You had 0 out of 51 hit points. You had all 43 energy points (spell power). Your armor class was 0. Your wallet contained 131 zorkmids. Autopickup was on for '$"?' plus thrown, with exceptions. Final Characteristics: Your strength was 16 (limit:18). Your dexterity was 11 (limit:18). Your constitution was 16 (limit:16). Your intelligence was 13 (limit:20). Your wisdom was 15 (limit:20). Your charisma was 9 (limit:18). Final Status: You weren't hungry. You were unencumbered. You were wielding a dagger. You had basic skill with dagger and could have enhanced that. Final Attributes: You were piously aligned. You were sleep resistant. You were poison resistant. You were telepathic. You had automatic searching. You had infravision. You were stealthy. You were guarded. You are dead. Miscellaneous: You disabled loading of bones levels. Total elapsed playing time was 34 minutes and 11 seconds. Major events: Turn 1: Arasaka the chaotic male elven Ranger entered the dungeon 1390: entered the Gnomish Mines 1394: attained the rank of Lookout (level 3) 3118: attained the rank of Trailblazer (level 6) 4540: reached Mine Town 4765: killed by a tengu, while frozen by a floating eye's gaze Vanquished creatures: a ghost a giant spider a brown pudding a lizard a jaguar a gray unicorn a raven a plains centaur a pony 5 gnome leaders a gnomish wizard 3 elf zombies a paper golem 2 floating eyes 8 dwarves a kobold leader a kobold shaman 15 hill orcs a giant bat an orc zombie 2 acid blobs 2 hobbits a manes a large kobold a hobgoblin 5 giant rats a brown mold 19 gnomes 7 garter snakes a gnome zombie 3 geckos 12 jackals a fox a kobold 3 goblins a sewer rat 4 grid bugs 2 lichens a kobold zombie 7 newts 123 creatures vanquished. No species were genocided or became extinct. Voluntary challenges: You were an atheist. You read items or engraved 16 times. You engraved Elbereth 1 time. You never genocided any monsters. You never polymorphed an object. You never changed form. You used no wishes. Achievements: You entered the Gnomish Mines. You attained the rank of Lookout. You attained the rank of Trailblazer. You entered Minetown. The Dungeons of Doom: levels 1 to 6 Level 1: An altar to Mars, a fountain. Level 2: "s" A fountain. Level 3: A fountain. Level 4: Stairs down to The Gnomish Mines. Level 5: "s" A sink. Level 6: The Gnomish Mines: levels 5 to 8 Level 5: Level 6: Level 7: <- You were here. Final resting place for you, killed by a tengu, while frozen by a floating eye's gaze. Level 8: Game over: ---------- / \ / REST \ / IN \ / PEACE \ / \ | Arasaka | | 131 Au | | killed by a | | tengu | | | | | | 2024 | *| * * * | * _________)/\\_//(\/(/\)/\//\/|_)_______ Goodbye Arasaka the Ranger... You died in The Gnomish Mines on dungeon level 7 with 4628 points, and 131 pieces of gold, after 4765 moves. You were level 7 with a maximum of 51 hit points when you died.